 Dungeon Crawl Stone Soup version 0.25-a0-322-g3677130 (webtiles) character file.

Game seed: 1082088006079727794, levelgen mode: deterministic

4 Buxparty the Sneak (level 1, 0/9 HPs)
             Began as a Spriggan Enchanter on Dec 27, 2019.
             Slain by a bat (1 damage)
             ... on level 1 of the Dungeon.
             The game lasted 00:01:33 (253 turns).

Buxparty the Sneak (Spriggan Enchanter)              Turns: 253, Time: 00:01:34

Health: 0/9        AC:  2    Str:  4    XL:     1   Next: 50%
Magic:  5/5        EV: 18    Int: 16    God:
Gold:   0          SH:  0    Dex: 16    Spells: 4/5 levels left

rFire    . . .     SeeInvis +   a - +1 dagger
rCold    . . .     Gourm    .   (shield restricted)
rNeg     . . .     Faith    .   b - +0 robe
rPois    .         Spirit   .   (helmet restricted)
rElec    .         Reflect  .   (no cloak)
rCorr    .         Harm     .   (gloves unavailable)
MR       .....                  (boots unavailable)
Stlth    +++.......             (no amulet)
HPRegen  0.03/turn              (no ring)
MPRegen  0.09/turn              (no ring)

@: very quick
A: very small, unfitting armour, see invisible, herbivore, speed 3, slow
metabolism 2
a: no special abilities


You were on level 1 of the Dungeon.
You were not hungry.

You visited 1 branch of the dungeon, and saw 1 of its levels.

Inventory:

Hand Weapons
 a - a +1 dagger (weapon)
Armour
 b - a +0 robe (worn)
Comestibles
 d - 2 rations


   Skills:
 + Level 1.2 Short Blades
 + Level 3.0 Dodging
 + Level 4.5 Stealth
 + Level 2.8 Spellcasting
 + Level 3.7 Hexes


You had 4 spell levels left.
You knew the following spells:

 Your Spells              Type           Power        Failure   Level  Hunger
a - Corona                Hex            ##.....      4%          1    #......

Your spell library contained the following spells:

 Spells                   Type           Power        Failure   Level  Hunger
 Confuse                  Hex            ##......     12%         3    ###....
 Tukima's Dance           Hex            ##......     12%         3    ###....
 Ensorcelled Hibernation  Hex/Ice        #.....       14%         2    ##.....
 Dazzling Flash           Conj/Hex       #.....       26%         3    ###....


Dungeon Overview and Level Annotations

Branches:
Dungeon (1/15)

Altars:


Innate Abilities, Weirdness & Mutations

You are very small and have problems with some larger weapons.
You are too small for most types of armour.
You have supernaturally acute eyesight. (SInv)
You are a herbivore.
You cover ground extremely quickly.
You need to consume almost no food.


Message History

The leopard gecko closely misses you.
You open the door. The leopard gecko bites you.
* * * LOW HITPOINT WARNING * * *
The hobgoblin completely misses you.
There is an open door here.
A frilled lizard and a goblin come into view.
Found 11 gold pieces.
The goblin shouts!
The frilled lizard hisses angrily.
The bat closely misses you. The bat completely misses you.
The bat closely misses you. The frilled lizard misses you.
The bat hits you but does no damage. The bat closely misses you.
The bat completely misses you. The bat hits you but does no damage.
The bat closely misses you. The bat closely misses you. The bat misses you.
You open the door. The bat closely misses you. The bat hits you.
You die...

######### #....g..#
#.####.### #b#..#.l.#
#@#$.....#########
#'#...............
.........g...g..#.
.................'.
.......##.#....#.##.
#..........#....#.#..
#........#.####.#.#..
####........ ..#.#..
#.. .. #'#.#..


You could see a bat.

Vanquished Creatures
  2 bats (D:1)
  A kobold (D:1)
  2 quokka zombies (D:1)
5 creatures vanquished.

Notes
Turn   | Place    | Note
-------+----------+-------------------------------------------
     0 | D:1      | Buxparty the Spriggan Enchanter began the quest for the
                  | Orb.
     0 | D:1      | Reached XP level 1. HP: 9/9 MP: 5/5
   253 | D:1      | Slain by a bat

Levels and vault maps discovered:
D:1:      saegor_arrival_fortress, layout_basic, minmay_misc_feat_tiny

Action                   || total
-------------------------++-------
Melee: Dagger            ||    23
 Cast: Corona            ||     1
 Stab: Sleeping          ||     2
Armor: Robe              ||     8
Dodge: Dodged            ||    40

Table legend:
 A = Non-vault XP
 B = Vault XP
 C = Vault XP percentage of total XP
 D = Non-vault monster count
 E = Vault monster count
 F = Vault count percentage of total count
                 A         B        C        D         E       F
            +---------+---------+-------+---------+---------+-------
      Total |       4 |       2 |  33.3 |       3 |       2 |  40.0
            +---------+---------+-------+---------+---------+-------
        D:1 |       4 |       2 |  33.3 |       3 |       2 |  40.0
            +---------+---------+-------+---------+---------+-------
